 Dungeon Crawl Stone Soup version 0.23-b1-13-gf37ab262a9 (webtiles) character file.

Game seed: 3170682265713595374

413 DildoBatman the Conjurer (level 7, -1/46 HPs)
             Began as a Formicid Wizard on Feb 2, 2019.
             Was an Initiate of Kikubaaqudgha.
             Slain by an ogre
             ... wielding a +0 giant club
              (27 damage)
             ... on level 4 of the Dungeon.
             The game lasted 00:10:30 (2798 turns).

DildoBatman the Conjurer (Formicid Wizard)          Turns: 2798, Time: 00:10:31

Health: -1/46      AC:  2    Str: 12    XL:     7   Next: 14%
Magic:  8/11       EV: 12    Int: 19    God:    Kikubaaqudgha [......]
Gold:   176        SH:  0    Dex:  9    Spells: 6/12 levels left

rFire    . . .     SeeInvis +   a - +0 short sword (venom)
rCold    . . .     Gourm    .   (no shield)
rNeg     + . .     Faith    .   b - +0 robe
rPois    .         Spirit   .   (helmet unavailable)
rElec    .         Reflect  .   (no cloak)
rCorr    .         Harm     .   (no gloves)
MR       .....                  (no boots)
Stlth    ++........             (no amulet)
HPRegen  0.15/turn              q - ring of positive energy
MPRegen  0.12/turn              (no ring)

@: no status effects
A: permanent stasis, dig shafts and tunnels, four strong arms, antennae 3
a: Dig, Shaft Self, Renounce Religion


You were on level 4 of the Dungeon.
You worshipped Kikubaaqudgha.
Kikubaaqudgha was noncommittal.
You were not hungry.

You visited 2 branches of the dungeon, and saw 5 of its levels.
You also visited: Sewer.

You collected 176 gold pieces.

Inventory:

Hand Weapons
 a - a +0 short sword of venom (weapon)
Missiles
 c - 19 arrows
 e - 154 stones (quivered)
 i - 39 sling bullets
Armour
 b - a +0 robe (worn)
Jewellery
 q - a ring of positive energy (left hand)
Wands
 f - a wand of disintegration (9)
Scrolls
 d - 2 scrolls of remove curse {unknown}
 h - 2 scrolls of immolation
 k - a scroll of noise {unknown}
 m - a scroll of amnesia {unknown}
Potions
 g - 4 potions of flight {unknown}
 j - 2 potions of brilliance
 l - 2 potions of heal wounds {unknown}
 n - 2 potions of might
 o - a potion of berserk rage {unknown}
 r - a potion of ambrosia {unknown}
Comestibles
 p - 3 chunks of flesh
 v - 9 rations


   Skills:
 - Level 1.2 Short Blades
 - Level 1.7 Dodging
 - Level 2.4 Stealth
 - Level 3.2 Spellcasting
 - Level 4.2 Conjurations
   Level 1.0 Summonings
   Level 0.8 Translocations
 * Level 2.5 Air Magic
 * Level 4.2 Poison Magic


You had 6 spell levels left.
You knew the following spells:

 Your Spells              Type           Power        Failure   Level  Hunger
a - Slow                  Hex            #.......     22%         2    ##.....
c - Magic Dart            Conj           ###.         2%          1    None
e - Mephitic Cloud        Conj/Pois/Air  ###.....     10%         3    ###....

Your spell library contained the following spells:

 Spells                   Type           Power        Failure   Level  Hunger
 Confusing Touch          Hex            #.....       16%         1    None
 Call Imp                 Summ           #.......     16%         2    ##.....
 Conjure Flame            Conj/Fire      ##......     19%         3    ###....
 Gell's Gravitas          Tloc           #.........   30%         3    ###....
 Confuse                  Hex            #.......     41%         3    ###....
 Petrify                  Tmut/Erth      #.......     83%         4    ####...
 Metabolic Englaciation   Hex/Ice        #.........   99%         5    ######.
 Yara's Violent Unravell  Hex/Tmut       #.........   99%         5    ######.
 Blink                    Tloc           Unusable     N/A         2    N/A

Dungeon Overview and Level Annotations

Branches:
Dungeon (4/15)             Temple (1/1) D:4

Altars:
Ashenzari
Kikubaaqudgha
Okawaru
Qazlal
Wu Jian
Xom
The Shining One

Annotations:
D:3 2 transporters
D:4 1 runed translucent door, Grinder


Innate Abilities, Weirdness & Mutations

You cannot be hasted, slowed, berserked, paralysed or teleported.
You can dig through walls and to a lower floor.
Your four strong arms can wield two-handed weapons with a shield.
You have a pair of large antennae on your head. (SInv)


Message History

The stinking cloud engulfs the ogre but does no damage.
The ogre is engulfed in noxious fumes.
The ogre appears confused.
The ogre is engulfed in noxious fumes.
The ogre appears confused.
The ogre suddenly looks very angry at the Dungeon.
The ogre is engulfed in noxious fumes.
The ogre appears confused.
The ogre hits you with a +0 giant club!!
You hit the ogre but do no damage.
The ogre is poisoned.
The ogre is lightly wounded.
The ogre barely misses you.
You hit the ogre but do no damage.
The ogre looks as sick as possible!
The ogre is lightly wounded.
The ogre hits you with a +0 giant club!!
Ouch! That really hurt!
You die...
Kikubaaqudgha rasps: "You have failed me!
Welcome... death!"

.###.............)..##.## #.#
.................## ##[.##...#
.................####........#
..[..........................#
..#.≈≈≈≈≈##.............#....#
..#.≈≈≈≈≈##..........###..##.#
..≈≈.....≈≈..........# #.## .
..≈≈.....≈≈.#....°..##...##
..≈≈............@O........#
..≈≈.....≈≈................
..≈≈≈....≈≈................
..##≈≈≈≈≈.#......##...#....
..##≈≈≈≈≈#.≈....####..##..#
#...............# .....##
.......<........# ....##
................####....#
#...................###..


You could see an ogre (confused).

Vanquished Creatures
  An ogre (D:4)
  A big kobold (Sewer)
  A bullfrog skeleton (D:4)
  Natasha (thrice) (D:4)
  2 worker ants (D:4)
  A howler monkey skeleton (D:3)
  3 adders
  2 river rats
  3 worms
  A leopard gecko (D:2)
  An orc (D:3)
  A giant cockroach (D:4)
  3 hobgoblins
  5 jackals
  2 quokkas (D:2)
  2 ball python skeletons (D:4)
  6 bats
  3 frilled lizards
  8 goblins
  7 kobolds
  9 rats
  A butterfly (D:4)
66 creatures vanquished.

Notes
Turn   | Place    | Note
-------+----------+-------------------------------------------
     0 | D:1      | DildoBatman the Formicid Wizard began the quest for the
                  | Orb.
     0 | D:1      | Reached XP level 1. HP: 13/13 MP: 4/4
    30 | D:1      | Reached skill level 1 in Conjurations
   170 | D:1      | Reached XP level 2. HP: 19/19 MP: 4/6
   711 | D:2      | Found a shimmering altar of Xom.
   750 | D:2      | Reached XP level 3. HP: 21/24 MP: 5/7
   754 | D:2      | Learned a level 2 spell: Slow
   758 | D:2      | Learned a level 3 spell: Mephitic Cloud
   940 | D:2      | Found a stormy altar of Qazlal.
  1271 | D:3      | Reached XP level 4. HP: 23/30 MP: 6/8
  1354 | D:3      | Found a transporter.
  1369 | D:3      | Found a transporter.
  2096 | D:4      | Found a staircase to the Ecumenical Temple.
  2106 | Temple   | Entered the Ecumenical Temple
  2117 | Temple   | Became a worshipper of Kikubaaqudgha
  2138 | D:4      | Noticed Grinder
  2226 | D:4      | Reached XP level 5. HP: 32/35 MP: 0/9
  2238 | D:4      | Found a large runed translucent door.
  2367 | D:4      | Noticed Natasha
  2373 | D:4      | Killed Natasha
  2373 | D:4      | Reached skill level 1 in Poison Magic
  2380 | D:4      | Noticed Natasha
  2390 | D:4      | Killed Natasha
  2390 | D:4      | Reached skill level 1 in Short Blades
  2409 | D:4      | Reached skill level 1 in Air Magic
  2409 | D:4      | Reached XP level 6. HP: 12/41 MP: 5/10
  2426 | D:4      | Found a glowing drain.
  2434 | D:4      | Noticed an ogre
  2465 | D:4      | Noticed an ogre
  2488 | Sewer    | Entered a sewer
  2623 | Sewer    | Found a glowing silver altar of Zin.
  2688 | D:4      | Killed an ogre
  2713 | D:4      | Reached XP level 7. HP: 41/46 MP: 4/11
  2715 | D:4      | Noticed Natasha
  2733 | D:4      | Killed Natasha
  2798 | D:4      | Slain by an ogre

Skill      XL: |  1  2  3  4  5  6  7 |
---------------+----------------------+-----
Conjurations   | 1 2 3 4 |  4.2
Poison Magic   | 2 3 4 |  4.2
Short Blades   | 1 |  1.2
Air Magic      | 1 2 |  2.5
Dodging        | |  1.7
Stealth        | |  2.4
Spellcasting   | |  3.2
Summonings     | |  1.0
Translocations | |  0.8

Action                   |  1- 3 |  4- 6 |  7- 9 || total
-------------------------+-------+-------+-------++-------
Melee: Short sword       |    47 |    41 |     8 ||    96
 Cast: Magic Dart        |    45 |    44 |       ||    89
       Mephitic Cloud    |       |    10 |     2 ||    12
 Abil: Dig               |       |     4 |     2 ||     6
  Use: Scroll            |       |     4 |       ||     4
 Stab: Sleeping          |     1 |       |       ||     1
       Confused          |       |     3 |     1 ||     4
  Eat: Chunk             |     1 |     6 |     1 ||     8
Armor: Robe              |    10 |     7 |       ||    17
Dodge: Dodged            |    26 |    30 |     2 ||    58
